 Dungeon Crawl Stone Soup version 0.30-a0-840-ga523dec638 (webtiles) character file.

Game seed: 9743616383609860371

31726 Zonian the Grappler (level 13, -1/77 HPs)
             Began as a Vine Stalker Fighter on Mar 2, 2023.
             Was a Priest of Ashenzari.
             Slain by a death yak (15 damage)
             ... on level 4 of the Lair of Beasts.
             The game lasted 00:50:26 (14488 turns).

Zonian the Grappler (Vine Stalker Fighter)         Turns: 14488, Time: 00:50:27

Health: -1/77      AC: 15    Str: 30    XL:     13   Next: 60%
Magic:  0/26       EV: 12    Int:  8    God:    Ashenzari [***...]
Gold:   1057       SH:  7    Dex: 14    Spells: 28/28 levels left

rFire   . . .      SeeInvis +      - Unarmed
rCold   + . .      Faith    .    b - +2 buckler "Esoteric Awkwardness" {Range, Melee} (curse)
rNeg    . . .      Spirit   +    G - +1 chain mail of Afe Anemm {rC+ Regen+ rCorr}
rPois   +          Reflect  .    (no helmet)
rElec   .          Harm     .    v - +1 cloak of Ashenzari's Fetters {Self, Comp} (curse)
rCorr   +          Rampage  .    (no gloves)
Will    +....      Clarity  +    l - +0 pair of boots "Eternal Mistrust" {Comp, Bglg} (curse)
Stlth   ++                       K - amulet of Ashenzari's Paranoia {Regen+, Bglg, Elem} (curse)
HPRegen 2.72/turn                E - ring of the Restrained Regret {Str+6, Comp, Cun} (curse)
MPRegen 0.20/turn                k - ring of poison resistance

@: mighty, hasted, very quick
A: fangs 3, regeneration 1, magic shield, antimagic bite, no potion heal 2
a: Renounce Religion, Shatter the Chains


You were on level 4 of the Lair of Beasts.
You worshipped Ashenzari.
Ashenzari was most pleased with you.
You visited 3 branches of the dungeon, and saw 14 of its levels.

You collected 1057 gold pieces.

Inventory:

Hand Weapons
 i - a +1 short sword of flaming
Missiles
 g - 13 boomerangs (quivered)
 r - 2 javelins
 u - 35 poisoned darts
 z - 2 curare-tipped darts
Armour
 a - a +0 scale mail
 b - the cursed +2 buckler "Esoteric Awkwardness" (worn) {Range, Melee}

   It has a curse which improves the following skills: Ranged Combat: Ranged
   Weapons and Throwing.
   Melee Combat: Short Blades, Long Blades, Axes, Maces & Flails, Polearms,
   Staves and Unarmed Combat.
 f - a scarf of shadows
 l - the cursed +0 pair of boots "Eternal Mistrust" (worn) {Comp, Bglg}
   (You found it on level 2 of the Dungeon)

   It has a curse which improves the following skills: Companions: Summonings
   and Necromancy.
   Beguiling: Conjurations, Hexes and Translocations.
 n - a +3 leather armour of cold resistance
 v - the cursed +1 cloak of Ashenzari's Fetters (worn) {Self, Comp}
   (You found it on level 5 of the Dungeon)

   It has a curse which improves the following skills: Introspection: Fighting
   and Spellcasting.
   Companions: Summonings and Necromancy.
 G - the +1 chain mail of Afe Anemm (worn) {rC+ Regen+ rCorr}
   (You found it on level 9 of the Dungeon)

   rC:        It protects you from cold.
   Regen:     It increases your rate of health regeneration.
   rCorr:     It protects you from acid and corrosion.
Jewellery
 c - a +6 ring of intelligence
 h - a +6 ring of intelligence
 k - a ring of poison resistance (right hand)
 E - the cursed ring of the Restrained Regret (left hand) {Str+6, Comp, Cun}
   (You found it on level 2 of the Lair of Beasts)

   [ring of strength]

   Str:       It affects your strength (+6).
   It has a curse which improves the following skills: Companions: Summonings
   and Necromancy.
   Cunning:   Dodging and Stealth.
 K - the cursed amulet of Ashenzari's Paranoia (around neck) {Regen+, Bglg, Elem}
   (You found it on level 2 of the Lair of Beasts)

   [amulet of regeneration]

   Regen:     It increases your rate of health regeneration.
   It has a curse which improves the following skills: Beguiling: Conjurations,
   Hexes and Translocations.
   Elements:  Fire Magic, Ice Magic, Air Magic and Earth Magic.
Wands
 d - a wand of paralysis (35)
 o - a wand of quicksilver (5)
 q - a wand of roots (4)
 y - a wand of mindburst (7)
 D - a wand of polymorph (9)
Scrolls
 j - 6 scrolls of vulnerability
 p - 2 scrolls of magic mapping
 A - a scroll of brand weapon
 C - 2 scrolls of enchant weapon
 H - a scroll of fog
 J - a scroll of enchant armour
 M - a scroll of butterflies
Potions
 e - 11 potions of curing
 m - 2 potions of flight
 s - a potion of haste
 t - 3 potions of magic
 w - a potion of ambrosia
 x - 3 potions of mutation
 B - 2 potions of brilliance
 F - 2 potions of cancellation
 I - 2 potions of might
 L - a potion of invisibility


   Skills:
 - Level 11.4(13.0) Fighting
 - Level 2.6(4.0) Throwing
 + Level 7.0 Armour
 - Level 6.3(8.0) Dodging
 - Level 10.4(12.0) Stealth
 - Level 4.0 Shields
 - Level 12.2(13.8) Unarmed Combat
 - Level 6.3(8.0) Spellcasting


You had 28 spell levels left.
You didn't know any spells.
Your spell library contained the following spells:

 Spells                   Type           Power      Damage    Failure   Level
 Sting                    Tmut/Pois      12%        1d3       73%         1
 Blink                    Tloc           6%         N/A       83%         2
 Lesser Beckoning         Tloc           6%         N/A       83%         2
 Momentum Strike          Conj/Tloc      6%         3d8       83%         2
 Poisonous Vapours        Pois/Air       6%         N/A       85%         2
 Olgreb's Toxic Radiance  Pois           3%         N/A       100%        4


Dungeon Overview and Level Annotations

Branches:
Dungeon (9/15)             Temple (1/1) D:7            Lair (4/5) D:9
  Swamp (0/4) Lair:2        Snake (0/4) Lair:3
  Slime: Lair:4-5       Orc: D:9-12

Altars:
Ashenzari
Dithmenos
Elyvilon
Fedhas
Gozag
Hepliaklqana
Kikubaaqudgha
Nemelex Xobeh
Okawaru
Qazlal
Ru
Sif Muna
Uskayaw
Vehumet
Wu Jian
Xom
Yredelemnul
Zin
The Shining One

Shops:
D:2 (   D:7 (

Annotations:
D:4 2 transporters, cforsyth's ghost, novice KoBr
D:6 3 runed translucent doors, Pimp's ghost, novice DsGl


Innate Abilities, Weirdness & Mutations

You have razor-sharp teeth.
Your natural rate of healing is unusually fast.
When hurt, damage is shared between your health and your magic reserves.
Your bite disrupts and absorbs the magic of your enemies.
Potions cannot restore your health.


Message History

The grasping roots constrict the rime drake!
The roots release their grip on the death yak.
The rime drake escapes!
The death yak struggles to escape constriction. x2
You punch the rime drake!
You kill the rime drake!
The ice encasing you melts away.
The grasping roots constrict the death yak!
The grasping roots constrict the death yak.
The roots release their grip on the death yak. x2
Your Armour skill increases to level 7!
Aiming: Fastroot
Press: ? - help, Shift-Dir - straight line The roots erupt in riotous growth!
Roots grab the death yak.
Roots grab the rime drake.
Roots grab the fungus.
The grasping roots constrict the fungus.
The fungus begins to die.
The grasping roots constrict the rime drake.
The grasping roots constrict the death yak.
The rime drake bites the fungus.
The death yak gores you!
* * * LOW HITPOINT WARNING * * *
The grasping roots constrict the fungus!
The grasping roots constrict the rime drake.
The grasping roots constrict the death yak.
The roots release their grip on the rime drake.
The roots release their grip on the death yak.
The rime drake bites the fungus!
You punch the death yak!
The death yak is heavily wounded.
The grasping roots constrict the fungus.
The rime drake bites the fungus.
You completely miss the death yak. You bite the death yak. You drain its power.
You feel invigorated.
The death yak is heavily wounded.
The grasping roots constrict the fungus.
The roots release their grip on the fungus.
The rime drake bites the fungus!
The death yak closely misses you.
The rime drake bites the fungus.
You feel yourself speed up. The death yak gores you!!
You die...

##.........# #.#.P#....#.#
#..........## #...........
#...[.....#.###...........#*
##...........†.............#
*
#.#....#P...W..............,*
##.#.####...#.............#
#########.W.WY...........#
#....WkPYY..........# *
#...){###@.........# #..F.##
#...†.†...# * *#....#
##..P.#.### *,* #...###
#P..#### * ,*#...# ##..##
#.... ##..# ....$ #..##
...... * ##..# ..W.W * #..###


You could see 3 death yaks, a rime drake and 4 wraiths.

Vanquished Creatures
  Josephine (Lair:4)
  A hydra (Lair:4)
  11 death yaks
  2 bog bodies (Lair:2)
  Pikel (D:6)
  3 lindwurms (Lair:2)
  An oklob plant (Lair:1)
  Maurice (D:8)
  5 cane toads
  2 torpor snails
  3 komodo dragons
  3 rime drakes
  Grinder (D:6)
  A polar bear (Lair:3)
  Prince Ribbit (D:7)
  A hornet (D:9)
  14 blink frogs
  13 dream sheep
  A shadow (D:9)
  2 spriggans (Lair:3)
  21 yaks
  3 wyverns
  A basilisk (D:9)
  A wraith (Lair:4)
  4 nagas (Lair:3)
  10 water moccasins
  An ice beast (D:6)
  2 black bears
  3 ogres (D:5)
  3 centaurs
  14 wolves
  4 kobold brigands
  Blork the orc (D:5)
  5 necrophages
  13 bullfrogs
  A gnoll sergeant (D:7)
  3 scorpions (D:5)
  17 wights
  7 howler monkeys
  A crimson imp (D:6)
  5 hounds
  A lava snake (D:9)
  Crazy Yiuf (D:4)
  5 orc priests
  5 iguanas
  Terence (D:2)
  7 hell rats (Lair:1)
  6 orc wizards
  6 gnolls
  4 adders
  A shadow imp (D:5)
  2 ufetubi
  4 worms
  32 orcs
  9 ball pythons
  4 bats
  5 endoplasms
  5 giant cockroaches
  8 goblins
  9 hobgoblins
  2 jackals (D:4)
  27 kobolds
  2 quokkas
  4 frilled lizards
  2 goblin skeletons (D:6)
  A goblin zombie (D:6)
  2 hobgoblin zombies (D:6)
  A kobold skeleton (D:6)
  A kobold zombie (D:6)
  An orc skeleton (D:6)
  2 orc zombies (D:6)
  6 rats
  A bush (Lair:1)
355 creatures vanquished.

Vanquished Creatures (others)
  21 fungi
  27 plants
48 creatures vanquished.

Grand Total: 403 creatures vanquished

Notes
Turn   | Place    | Note
-------+----------+-------------------------------------------
     0 | D:1      | Zonian the Vine Stalker Fighter began the quest for the
                  | Orb.
     0 | D:1      | Reached XP level 1. HP: 11/11 MP: 2/2
   272 | D:1      | Reached XP level 2. HP: 16/16 MP: 3/3
   516 | D:1      | Reached XP level 3. HP: 20/20 MP: 4/4
   980 | D:2      | Noticed Terence
  1001 | D:2      | Killed Terence
  1191 | D:2      | Found an iron altar of Okawaru.
  1455 | D:2      | Gained mutation: Your natural rate of healing is unusually
                  | fast. [Vine Stalker growth]
  1455 | D:2      | Reached XP level 4. HP: 22/24 MP: 5/5
  1537 | D:2      | Found Kegriw's Antique Weapon Boutique.
  2042 | D:3      | Reached skill level 3 in Unarmed Combat
  2042 | D:3      | Reached XP level 5. HP: 26/28 MP: 6/6
  2077 | D:3      | Found a shadowy altar of Dithmenos.
  2913 | D:4      | Reached XP level 6. HP: 33/33 MP: 5/7
  3320 | D:4      | Found a transporter.
  3357 | D:4      | Found a transporter.
  3375 | D:4      | Noticed cforsyth's ghost (novice KoBr)
  3534 | D:4      | Found a runed translucent door.
  3535 | D:4      | Noticed Crazy Yiuf
  3675 | D:4      | HP: 1/33 [Crazy Yiuf/+4 quarterstaff of chaos (11)]
  3678 | D:4      | Killed Crazy Yiuf
  3902 | D:5      | Entered Level 5 of the Dungeon
  3916 | D:5      | Noticed Blork the orc
  3924 | D:5      | Killed Blork the orc
  3940 | D:5      | Reached skill level 4 in Unarmed Combat
  3969 | D:5      | Reached XP level 7. HP: 38/38 MP: 8/8
  4012 | D:5      | Found an opulent altar of Gozag.
  4200 | D:5      | Reached skill level 5 in Fighting
  4200 | D:5      | Reached skill level 5 in Unarmed Combat
  4200 | D:5      | Gained mutation: You have razor-sharp teeth. [Vine Stalker
                  | growth]
  4200 | D:5      | Reached XP level 8. HP: 43/43 MP: 9/9
  4297 | D:5      | Found a sparkling altar of Nemelex Xobeh.
  4570 | D:5      | Found a white marble altar of Elyvilon.
  4968 | D:6      | Reached skill level 5 in Armour
  5090 | D:6      | Reached skill level 6 in Unarmed Combat
  5278 | D:6      | Noticed Pikel
  5305 | D:6      | Killed Pikel
  5306 | D:6      | Reached skill level 7 in Unarmed Combat
  5306 | D:6      | Reached XP level 9. HP: 20/50 MP: 10/10
  5649 | D:6      | Found a runed translucent gate.
  5649 | D:6      | Found a runed translucent gate.
  5649 | D:6      | Found a runed translucent gate.
  5649 | D:6      | Found an opulent altar of Gozag.
  5649 | D:6      | Noticed a two-headed ogre
  5650 | D:6      | Noticed Pimp's ghost (novice DsGl)
  5710 | D:6      | Found a glowing golden altar of the Shining One.
  5738 | D:6      | Noticed Grinder
  5750 | D:6      | Killed Grinder
  5751 | D:6      | Reached skill level 8 in Unarmed Combat
  5946 | D:6      | Found an ancient bone altar of Kikubaaqudgha.
  6474 | D:7      | Noticed Prince Ribbit
  6494 | D:7      | Killed Prince Ribbit
  6495 | D:7      | Reached skill level 9 in Unarmed Combat
  6495 | D:7      | Reached XP level 10. HP: 57/57 MP: 11/11
  6722 | D:7      | Found a staircase to the Ecumenical Temple.
  6727 | Temple   | Entered the Ecumenical Temple
  6822 | Temple   | Became a worshipper of Ashenzari the Shackled
  6893 | D:7      | Found Date's Weapon Shoppe.
  7187 | D:7      | Found a basalt altar of Yredelemnul.
  7187 | D:7      | Found a hide-covered altar of Uskayaw.
  7548 | D:8      | Noticed Maurice
  7601 | D:8      | Killed Maurice
  7865 | D:8      | Found a glowing silver altar of Zin.
  7865 | D:8      | Noticed an angel
  8510 | D:9      | Reached skill level 10 in Unarmed Combat
  8514 | D:9      | Found a staircase to the Lair.
  9223 | D:9      | Identified the +1 chain mail of Afe Anemm {rC+ Regen+
                  | rCorr}
  9715 | Lair:1   | Entered Level 1 of the Lair of Beasts
  9715 | Lair:1   | Noticed an oklob plant
  9742 | Lair:1   | HP: 1/59 [komodo dragon (5)]
  9746 | Lair:1   | Reached skill level 10 in Fighting
 10043 | D:9      | Reached XP level 11. HP: 62/63 MP: 10/12
 10140 | Lair:1   | Reached * piety under Ashenzari
 10158 | Lair:1   | Reached skill level 1 in Dodging
 10162 | Lair:1   | Reached skill level 11 in Unarmed Combat
 11099 | Lair:1   | Killed an oklob plant
 11165 | Lair:2   | Noticed a bog body
 11458 | Lair:2   | Reached ** piety under Ashenzari
 11596 | Lair:2   | Killed a bog body
 11597 | Lair:2   | Reached skill level 1 in Stealth
 11597 | Lair:2   | Reached skill level 12 in Unarmed Combat
 11597 | Lair:2   | Noticed a bog body
 11599 | Lair:2   | Found a staircase to the Swamp.
 11607 | Lair:2   | Killed a bog body
 11697 | Lair:2   | Reached XP level 12. HP: 72/72 MP: 13/13
 11833 | Lair:2   | Reached skill level 1 in Spellcasting
 11860 | Lair:2   | Reached skill level 5 in Stealth
 11906 | Lair:2   | HP: 2/72 [lindwurm/blast of flame (15)]
 12496 | Lair:2   | Reached skill level 5 in Spellcasting
 12902 | Lair:3   | Noticed a death yak
 12904 | Lair:3   | Noticed a death yak
 12905 | Lair:3   | Noticed a death yak
 13291 | Lair:3   | Noticed a death yak
 13292 | Lair:3   | Noticed a death yak
 13292 | Lair:3   | Noticed a death yak
 13298 | Lair:3   | Reached *** piety under Ashenzari
 13301 | Lair:3   | Noticed a death yak
 13302 | Lair:3   | Noticed a death yak
 13302 | Lair:3   | Noticed a death yak
 13311 | Lair:3   | Killed a death yak
 13335 | Lair:3   | Killed a death yak
 13336 | Lair:3   | Reached skill level 1 in Throwing
 13341 | Lair:3   | Killed a death yak
 13346 | Lair:3   | Killed a death yak
 13351 | Lair:3   | Killed a death yak
 13362 | Lair:3   | Killed a death yak
 13363 | Lair:3   | Reached skill level 5 in Dodging
 13363 | Lair:3   | Reached XP level 13. HP: 77/77 MP: 26/26
 13563 | Lair:3   | Found a staircase to the Snake Pit.
 13975 | Lair:3   | Reached skill level 10 in Stealth
 14459 | Lair:4   | Noticed Josephine
 14477 | Lair:4   | Killed Josephine
 14488 | Lair:4   | Slain by a death yak

Illustrated notes

Levels and vault maps discovered:
D:1:      lightli_arrival_quake, layout_loops_corners, minmay_hexomino_u4
D:2:      layout_loops_ring, basic_altar, serial_shops, nicolae_lakefront_shop,
          eino_tiny_chamber, uniq_terence
D:3:      layout_basic, mainiacjoe_overflow_cross_hatched
D:4:      layout_cave_pools, gammafunk_ghost_gnarly_gnolls,
          minmay_fractal_squares_gapless_5, uniq_crazy_yiuf_cottage
D:5:      layout_loops_ring, nemelex_dance_club_becter, grunt_gozag_statues,
          nicolae_elyvilon_temple_path, solitary_fountain, minmay_diced_spiral,
          uniq_blork_the_orc
D:6:      layout_loops_ring, nicolae_tso_besieged_by_evil, lemuel_tele_altar,
          ebering_ghost_gozag, amcnicky_mini_pool_small, uniq_pikel,
          uniq_grinder
D:7:      layout_basic, gammafunk_temple_overflow_statue,
          minmay_temple_entry_arrows, nicolae_stop_n_shop_1, uniq_prince_ribbit1
D:8:      layout_rooms, zin_angel, uniq_maurice
D:9:      layout_basic, david_lair_generic, kennysheep_crisscross
Temple:   oiseaux_autumnal_temple
Lair:1:   layout_roguey, minmay_lair_oklob_bushes, infiniplex_staircase_pool_2,
          grunt_megastairs_3
Lair:2:   layout_regular_city, skrybe_swamp_entry_bodies, serial_bayou_ford_a,
          nicolae_lair_lindhole
Lair:3:   layout_roguey, minmay_snake_entry_guardpost_medium,
          forest_entry_grove, lemuel_fruit_fields
Lair:4:   layout_cave_pods, slime_entry_1, uniq_josephine

Skill      XL: |  1  2  3  4  5  6  7  8  9 10 11 12 13 |
---------------+----------------------------------------+-----
Fighting       | 3 4 5 7 8 10 11 | 11.4
Shields        | 3 4 |  4.0
Armour         | 3 4 5 7 |  7.0
Unarmed Combat | 3 4 5 7 9 10 12 | 12.2
Dodging        | 4 5 6 |  6.3
Stealth        | 2 8 10 | 10.4
Spellcasting   | 6 |  6.3
Throwing       | 2 |  2.6

Action                     |  1- 3 |  4- 6 |  7- 9 | 10-12 | 13-15 || total
---------------------------+-------+-------+-------+-------+-------++-------
  Melee: Unarmed           |   109 |   272 |   278 |   611 |   138 ||  1408
         Bite              |    24 |    55 |    85 |   195 |    47 ||   406
  Throw: Javelin           |       |     2 |     2 |     6 |     6 ||    16
         Throwing net      |       |     1 |       |     2 |       ||     3
         Dart              |       |       |     1 |       |       ||     1
         Boomerang         |       |       |       |       |     2 ||     2
 Invoke: Curse Item        |       |       |       |     5 |       ||     5
  Evoke: Wand              |       |     1 |     3 |    20 |     3 ||    27
    Use: Potion            |     1 |       |     1 |     1 |     2 ||     5
         Scroll            |       |     9 |     5 |    10 |       ||    24
   Stab: Sleeping          |       |       |     2 |       |       ||     2
         Held in net/web   |       |       |       |     2 |       ||     2
 Armour: Scale mail        |    34 |    89 |    26 |       |       ||   149
         Leather armour    |       |       |    77 |    64 |       ||   141
         Chain mail        |       |       |       |   160 |    28 ||   188
  Dodge: Dodged            |    41 |   109 |    91 |   196 |    47 ||   484
  Block: Buckler           |    23 |    38 |    52 |   143 |    34 ||   290

Table legend: (Time is in decaauts)
 A = Elapsed time spent in this place.
 B = Non-inter-level travel time spent in this place.
 C = Inter-level travel time spent in this place.
 D = Time resting spent in this place.
 E = Time spent auto-exploring this place.
 F = Levels seen in this place.
 G = Mean time per level.
                   A        B        C        D        E       F      G
               +--------+--------+--------+--------+--------+-----+--------+
         Total |  14353 |  13893 |    460 |   3003 |   7042 |  14 | 1025.2 |
       Dungeon |   9831 |   9493 |    338 |   1841 |   5437 |   9 | 1092.3 |
        Temple |    124 |     96 |     28 |      0 |     79 |   1 |  124.0 |
          Lair |   4397 |   4303 |     94 |   1162 |   1525 |   4 | 1099.2 |
               +--------+--------+--------+--------+--------+-----+--------+

Top non-repeatable levels by time:
  Lair:2: 1668 daAuts
     D:9: 1565 daAuts
  Lair:1: 1419 daAuts
     D:4: 1278 daAuts
     D:6: 1163 daAuts
  Lair:3: 1151 daAuts
     D:5: 1107 daAuts
     D:7: 1105 daAuts
     D:8: 992 daAuts
     D:1: 975 daAuts
     D:2: 972 daAuts
     D:3: 670 daAuts
  Lair:4: 157 daAuts
  Temple: 124 daAuts
